 Dungeon Crawl Stone Soup version 0.29-a0-234-g0dae59b3db (webtiles) character file.

Game seed: 5577508500022298024

394 YayAnonymity the Skirmisher (level 7, -4/52 HPs)
             Began as a Djinni Fire Elementalist on Mar 3, 2022.
             Slain by an iguana (12 damage)
             ... on level 3 of the Dungeon.
             The game lasted 00:10:38 (3167 turns).

YayAnonymity the Skirmisher (DjFE)                  Turns: 3167, Time: 00:10:38

Health: -4/52      AC:  2    Str:  7    XL:     7   Next: 8%
Gold:   82         EV: 13    Int: 19    God:
                   SH:  0    Dex: 13

rFire   + + .      SeeInvis .   k - +1 hand axe
rCold   x . .      Faith    .   (no shield)
rNeg    . . .      Spirit   .   a - +0 robe
rPois   ∞          Reflect  .   (no helmet)
rElec   .          Harm     .   (no cloak)
rCorr   .          Rampage  .   (no gloves)
Will    .....                   (boots unavailable)
Stlth   ++........              e - amulet of regeneration
HPRegen 0.97/turn               (no ring)
MPRegen 0.00/turn               (no ring)

@: flying
A: sickness immunity, fire resistance 2, cold vulnerability 1, float, innate
caster, HP casting, extra vitality 1
a: no special abilities


You were on level 3 of the Dungeon.
You visited 1 branch of the dungeon, and saw 4 of its levels.

You collected 82 gold pieces.

Inventory:

Hand Weapons
 k - a +1 hand axe (weapon)
Armour
 a - a +0 robe (worn)
Jewellery
 e - an amulet of regeneration (around neck)
Scrolls
 f - 4 scrolls of teleportation
Potions
 b - a potion of attraction
 d - a potion of haste
 h - a potion of might
 j - a potion of resistance {unknown}
 m - a potion of cancellation {unknown}
 o - a potion of heal wounds {unknown}


   Skills:
 + Level 4.1 Fighting
 + Level 3.7 Dodging
 - Level 1.5 Stealth
 + Level 4.0 Spellcasting


You couldn't memorise any spells.
You knew the following spells:

 Your Spells              Type           Power      Damage    Failure   Level
a - Foxfire               Conj/Fire      76%        2x1d7     2%          1
b - Scorch                Fire           38%        2d6       3%          2
c - Conjure Flame         Conj/Fire      19%        6-21      8%          3
d - Inner Flame           Hex/Fire       19%        N/A       8%          3
e - Flame Wave            Conj/Fire      19%        2d6       26%         4
f - Shock                 Conj/Air       76%        1d7       2%          1
g - Static Discharge      Conj/Air       19%        N/A       3%          2
h - Corpse Rot            Necr/Air       38%        N/A       3%          2
Your spell library was empty.

Dungeon Overview and Level Annotations

Branches:
Dungeon (4/15)
 Temple: D:4-7

Altars:
Dithmenos
Qazlal

Shops:
D:1 ?


Innate Abilities, Weirdness & Mutations

You are immune to sickness and miasma.
You are immune to poison.
Your flesh is very heat resistant. (rF++)
You are vulnerable to cold. (rC-)
You float through the air rather than walking.
You learn spells naturally, not from books.
Your magical power is your life essence.
You have superior vitality. (+4 MHP)


Message History

* * * LOW HITPOINT WARNING * * *
Casting: Foxfire (safe; 2% risk of failure)
Confirm with . or Enter, or press ? or * to list all spells.
You conjure some foxfire!
* * * LOW HITPOINT WARNING * * *
The iguana bites you but does no damage.
The foxfire hits the iguana.
The iguana is heavily wounded.
The foxfire hits the iguana.
The iguana is heavily wounded.
The iguana barely misses you.
Your magical contamination has completely faded away.
Casting: Foxfire (safe; 2% risk of failure)
Confirm with . or Enter, or press ? or * to list all spells.
You conjure some foxfire!
* * * LOW HITPOINT WARNING * * *
The iguana barely misses you.
The foxfire hits the iguana.
The iguana is heavily wounded.
The foxfire hits the iguana.
The iguana is severely wounded.
The iguana bites you.
* * * LOW HITPOINT WARNING * * *
Casting: Foxfire (safe; 2% risk of failure)
Confirm with . or Enter, or press ? or * to list all spells.
You conjure some foxfire!
* * * LOW HITPOINT WARNING * * *
The iguana misses you.
The foxfire hits the iguana but does no damage.
The iguana is severely wounded.
The foxfire hits the iguana but does no damage.
The iguana is severely wounded.
The iguana bites you.
* * * LOW HITPOINT WARNING * * *
Casting: Foxfire (safe; 2% risk of failure)
Confirm with . or Enter, or press ? or * to list all spells.
You conjure some foxfire!
* * * LOW HITPOINT WARNING * * *
The iguana bites you!
You die...

###......<.............#
###..........#######...#
....###....#########...#
.####....#...#.....#...#
.####.#......#.....#####
###...######.......#
#.### ###.....# ###.#
#..lv.# ....# #..@v.#
######### #######
#.....#
#.....###########
#...............######
#.....#########..#...#
###.....##.............#
...........#########..(#
##......############...#


You could see an iguana (ally target).

Vanquished Creatures
  A water moccasin (D:3)
  An orc priest (D:3)
  A jelly (D:4)
  Natasha (thrice) (D:2)
  4 adders
  An ufetubus (D:3)
  4 worms
  3 dart slugs
  6 orcs (D:3)
  A ball python (D:1)
  11 endoplasms
  4 giant cockroaches
  9 goblins
  7 hobgoblins
  5 jackals
  4 kobolds
  3 bats (D:2)
  5 frilled lizards
  4 rats (D:1)
77 creatures vanquished.

Vanquished Creatures (collateral kills)
  A foxfire (D:3)
1 creature vanquished.

Vanquished Creatures (others)
  201 foxfires
201 creatures vanquished.

Grand Total: 279 creatures vanquished

Notes
Turn   | Place    | Note
-------+----------+-------------------------------------------
     0 | D:1      | YayAnonymity the Djinni Fire Elementalist began the quest
                  | for the Orb.
     0 | D:1      | Reached XP level 1. HP: 15/15 MP: 0/0
   312 | D:1      | Found Liemorin's Magic Scroll Emporium.
   318 | D:1      | Reached skill level 1 in Fighting
   318 | D:1      | Reached XP level 2. HP: 19/22 MP: 0/0
   668 | D:1      | Reached XP level 3. HP: 12/27 MP: 0/0
   668 | D:1      | Learned a level 1 spell: Shock
   844 | D:1      | Found a faded altar of an unknown god.
  1514 | D:2      | Noticed Natasha
  1522 | D:2      | Killed Natasha
  1523 | D:2      | Reached XP level 4. HP: 34/34 MP: 0/0
  1875 | D:2      | Noticed Natasha
  1885 | D:2      | Killed Natasha
  1886 | D:2      | Reached XP level 5. HP: 34/40 MP: 0/0
  1886 | D:2      | Learned a level 2 spell: Static Discharge
  2043 | D:2      | Noticed Natasha
  2047 | D:2      | Killed Natasha
  2208 | D:3      | Reached XP level 6. HP: 36/46 MP: 0/0
  2298 | D:3      | Noticed a water moccasin
  2322 | D:3      | Killed a water moccasin
  2465 | D:3      | Found a shadowy altar of Dithmenos.
  2467 | D:3      | Identified the +0 leather armour "Ogriz" {rF+ Int-4 SInv
                  | Stlth+}
  3003 | D:4      | Reached XP level 7. HP: 41/52 MP: 0/0
  3003 | D:4      | Learned a level 2 spell: Corpse Rot
  3125 | D:4      | Found a stormy altar of Qazlal.
  3167 | D:3      | Slain by an iguana

Illustrated notes

Levels and vault maps discovered:
D:1:      dpeg_arrival_orchard, layout_loops_ring, serial_shops, shop,
          ebering_ecumenical_altar_abandoned
D:2:      layout_loops_ring, uniq_natasha
D:3:      layout_rooms, mainiacjoe_overflow_boulevard, st_stairs_13
D:4:      layout_basic, kennysheep_ying_yang, nicolae_overflow_hidden_temple,
          nicolae_hepliaklqana_monster_ancestors,
          nicolae_qazlal_scattered_showers, minmay_bisected

Skill      XL: |  1  2  3  4  5  6 |
---------------+-------------------+-----
Fighting       | 1 2 3 4 |  4.1
Spellcasting   | 3 4 |  4.0
Dodging        | 3 |  3.7
Stealth        | |  1.5

Action                   |  1- 3 |  4- 6 |  7- 9 || total
-------------------------+-------+-------+-------++-------
 Cast: Foxfire           |    37 |    77 |    12 ||   126
       Scorch            |     1 |       |       ||     1
       Shock             |    13 |    31 |     5 ||    49
  Use: Scroll            |       |       |     8 ||     8
Armor: Robe              |     3 |    10 |     1 ||    14
Dodge: Dodged            |     8 |    26 |     6 ||    40

Table legend: (Time is in decaauts)
 A = Elapsed time spent in this place.
 B = Non-inter-level travel time spent in this place.
 C = Inter-level travel time spent in this place.
 D = Time resting spent in this place.
 E = Time spent auto-exploring this place.
 F = Levels seen in this place.
 G = Mean time per level.
                   A        B        C        D        E       F      G
               +--------+--------+--------+--------+--------+-----+--------+
         Total |   3172 |   2843 |    329 |    536 |   1673 |   4 |  793.0 |
       Dungeon |   3172 |   2843 |    329 |    536 |   1673 |   4 |  793.0 |
               +--------+--------+--------+--------+--------+-----+--------+

Top non-repeatable levels by time:
     D:1: 1435 daAuts
     D:3: 942 daAuts
     D:2: 647 daAuts
     D:4: 147 daAuts
